 Dungeon Crawl Stone Soup version 0.23-a0-241-g3b46b07 (webtiles) character file.

69 redcow542 the Chopper (level 4, -1/40 HPs)
             Began as a Minotaur Fighter on Sept 26, 2018.
             Slain by a gnoll
             ... wielding a +0 flail
              (3 damage)
             ... on level 2 of the Dungeon.
             The game lasted 00:02:50 (713 turns).

redcow542 the Chopper (Minotaur Fighter)             Turns: 713, Time: 00:02:51

Health: -1/40      AC:  6    Str: 21    XL:     4   Next: 2%
Magic:  3/3        EV:  7    Int:  5    God:
Gold:   46         SH:  9    Dex: 10    Spells: 3/3 levels left

rFire    . . .     SeeInvis .   a - +0 war axe
rCold    . . .     Gourm    .   c - +0 shield
rNeg     . . .     Faith    .   b - +0 scale mail
rPois    .         Spirit   .   (helmet restricted)
rElec    .         Reflect  .   (no cloak)
rCorr    .         Harm     .   (no gloves)
MR       .....                  (no boots)
Stlth    ..........             (no amulet)
HPRegen  0.13/turn              (no ring)
MPRegen  0.08/turn              (no ring)

@: no status effects
A: retaliatory headbutt, horns 2
a: no special abilities


You were on level 2 of the Dungeon.
You were not hungry.

You visited 1 branch of the dungeon, and saw 2 of its levels.

You collected 46 gold pieces.

Inventory:

Hand Weapons
 a - a +0 war axe (weapon)
Armour
 b - a +0 scale mail (worn)
 c - a +0 shield (worn)
Scrolls
 g - 4 scrolls of identify {unknown}
 h - a scroll of remove curse {unknown}
 k - a scroll of fear {unknown}
 l - 2 scrolls of enchant armour {unknown}
Potions
 d - a potion of might
 e - 3 potions of curing {unknown}
 i - a potion of flight {unknown}
 j - a potion of magic {unknown}
 m - a potion of agility {unknown}
Comestibles
 f - 4 rations


   Skills:
 + Level 3.8 Fighting
 * Level 4.5 Axes
 - Level 3.6 Armour
 + Level 0.3 Dodging
 + Level 4.2 Shields


You had 3 spell levels left.
You didn't know any spells.
Your spell library was empty.

Dungeon Overview and Level Annotations

Branches:
Dungeon (2/15)

Altars:


Innate Abilities, Weirdness & Mutations

You reflexively headbutt those who attack you in melee.
You have a pair of horns on your head.


Message History

The gnoll is heavily wounded.
You hit the gnoll.
You kill the gnoll!
You have reached level 4!
You feel agile.
You hit the gnoll. The gnoll hits you but does no damage.
You block the gnoll's attack.
You barely miss the gnoll.
The gnoll is lightly wounded.
You slash the gnoll! You hit the gnoll. You block the gnoll's attack.
The gnoll hits you with a flail.
* * * LOW HITPOINT WARNING * * *
You block the gnoll's attack. The gnoll hits you with a whip.
* * * LOW HITPOINT WARNING * * *
You hit the gnoll.
The gnoll is severely wounded.
You hit the gnoll.
Your shield prevents you from hitting the gnoll.
The gnoll hits you with a flail.
You die...

##### ...# ### .
####..# .... ...
#<#...# .....
.....#.#.#.##.....)
.........†..........
.######+###..#......
#.....@g.# .....
#....gg†.# $...
#........... ...
#.......#.......
#.......#..... .
#.......#.....
#.......##....
#..%....# ...


You could see 3 gnolls.

Vanquished Creatures
  2 gnolls
  An ooze (D:1)
  2 dart slugs (D:2)
  2 leopard geckos (D:1)
  A ball python (D:1)
  2 giant cockroaches
  5 goblins
  5 hobgoblins (D:1)
  9 kobolds (D:1)
  3 bats
  3 frilled lizards
  4 rats
39 creatures vanquished.

Notes
Turn   | Place    | Note
-------+----------+-------------------------------------------
     0 | D:1      | redcow542 the Minotaur Fighter began the quest for the Orb.
     0 | D:1      | Reached XP level 1. HP: 19/19 MP: 0/0
    77 | D:1      | Reached XP level 2. HP: 18/27 MP: 1/1
   359 | D:1      | Reached XP level 3. HP: 31/33 MP: 2/2
   711 | D:2      | Reached XP level 4. HP: 6/40 MP: 3/3
   712 | D:2      | HP: 2/40 [gnoll/whip (2)]
   713 | D:2      | Slain by a gnoll

Vault maps used:
D:1:      mrwooster_arrival_statue_2

Skill      XL: |  1  2  3 |
---------------+----------+-----
Axes           | 3 4 |  4.5
Shields        | 4 |  4.2
Fighting       | |  3.8
Armour         | |  3.6
Dodging        | |  0.3

Action                   |  1- 3 |  4- 6 || total
-------------------------+-------+-------++-------
Melee: War axe           |   103 |     2 ||   105
       Headbutt          |     9 |       ||     9
Armor: Scale mail        |    44 |     1 ||    45
Dodge: Dodged            |    31 |       ||    31
Block: Shield            |    59 |     3 ||    62

Table legend:
 A = Non-vault XP
 B = Vault XP
 C = Vault XP percentage of total XP
 D = Non-vault monster count
 E = Vault monster count
 F = Vault count percentage of total count
                 A         B        C        D         E       F
            +---------+---------+-------+---------+---------+-------
      Total |      99 |       0 |   0.0 |      39 |       0 |   0.0
            +---------+---------+-------+---------+---------+-------
        D:1 |      69 |       0 |   0.0 |      31 |       0 |   0.0
        D:2 |      30 |       0 |   0.0 |       8 |       0 |   0.0
            +---------+---------+-------+---------+---------+-------
